cohdb
Replays
Latest Replays
All Replays
Popular Replays
Top Player Replays
Match Explorer
How It Works
Community
CoH3 Stats
Reddit
Sign in to upload your games and track your stats! →
Sign in with Steam
Match 45688212
Unlisted
Match 45688212
Overview
Messages
Build Orders
End
Scout Squad
Construct Barracks
Riflemen Squad
Riflemen Squad
Riflemen Squad
Infantry Support Center
Construct Motor Pool
M1 Anti-tank Gun Team
M8 Greyhound Armored Car
Construct Medical Station
Selects Armored Battlegroup
Selects Fast Deploy
Selects Veteran Crews
Engineer Squad
Selects Seek and Destroy
M1918 Browning Automatic Rifles
M1 Anti-tank Gun Team
M1 Mortar Team
Construct Tank Depot
Selects UNKNOWN (2160077)
Selects M31 Recovery Vehicle
Selects War Machine
Grenade Package
Engineer Squad
Captain Retinue
M4A3E8 Sherman Easy Eight
M4A3E8 Sherman Easy Eight
Survival Training
Advanced Logistics
rocketpossum
TetrisRanger
0
0
Comments
sign in to comment!
No comments posted yet!